 Dungeon Crawl Stone Soup version 0.29-a0-813-g4a14ea37d6 (webtiles) character file.

Game seed: 5755933684340825860

61 polve the Chopper (level 3, 0/40 HPs)
             Began as a Demonspawn Gladiator on July 4, 2022.
             Slain by a gnoll
             ... wielding a +0 whip
              (2 damage)
             ... on level 3 of the Dungeon.
             The game lasted 00:01:23 (2497 turns).

polve the Chopper (Demonspawn Gladiator)            Turns: 2497, Time: 00:01:24

Health: 0/40       AC: 21    Str: 16    XL:     3   Next: 83%
Magic:  3/3        EV:  2    Int:  9    God:
Gold:   64         SH:  0    Dex: 14    Spells: 2/2 levels left

rFire   . . .      SeeInvis .   a - +0 war axe
rCold   . . .      Faith    .   (no shield)
rNeg    . . .      Spirit   .   (body armour currently unavailable)
rPois   +          Reflect  .   (helmet currently unavailable)
rElec   .          Harm     .   (cloak currently unavailable)
rCorr   .          Rampage  .   (gloves currently unavailable)
Will    .....      NoTele   +   (boots currently unavailable)
Stlth   +.........              (no amulet)
HPRegen 0.13/turn               (no ring)
MPRegen 0.08/turn               (no ring)

@: tree-form
A: stationary, stasis, torment immunity, boosted hp, (weakness stinger 1)
a: no special abilities


You were on level 3 of the Dungeon.
You were a tree.
You visited 1 branch of the dungeon, and saw 3 of its levels.

You collected 64 gold pieces.

Inventory:

Hand Weapons
 a - a +0 war axe (weapon)
Missiles
 d - 3 throwing nets (quivered)
 e - a javelin
Armour
 c - a +0 helmet (melded)
 i - a +0 scale mail (melded)
 u - a +0 pair of gloves
Jewellery
 r - an amulet of the acrobat
Scrolls
 f - 2 scrolls of amnesia {unknown}
 g - a scroll of enchant weapon {unknown}
 k - 2 scrolls of brand weapon {unknown}
 m - a scroll of acquirement {unknown}
 n - 3 scrolls of identify {unknown}
 o - 2 scrolls of blinking {unknown}
 p - a scroll of noise {unknown}
Potions
 b - a potion of haste {unknown}
 h - a potion of attraction {unknown}
 j - a potion of ambrosia {unknown}
 l - a potion of cancellation
 s - a potion of curing {unknown}
 t - a potion of flight {unknown}


   Skills:
 - Level 2.0 Fighting
 + Level 3.7 Axes
 - Level 1.7 Throwing
 - Level 2.0 Armour
 - Level 2.6 Dodging


You had 2 spell levels left.
You didn't know any spells.
Your spell library was empty.

Dungeon Overview and Level Annotations

Branches:
Dungeon (3/15)

Altars:

Shops:
D:2 *!


Innate Abilities, Weirdness & Mutations

You are a tree.
Your roots penetrate the ground, keeping you stationary.
You cannot be teleported.
You are immune to unholy pain and torment.
Your maximum health is greatly increased.
Your equipment is partially melded.
((You have a small tail.))


Message History

You are too injured to fight recklessly!
You are too injured to fight recklessly!
You are too injured to fight recklessly!
You are too injured to fight recklessly!
There are monsters nearby!
You barely miss the gnoll.
Your tail-slap misses the gnoll.
The gnoll is lightly wounded.
A gnoll comes into view. It is wielding a +0 whip.
The gnoll barely misses you.
It was a potion of cancellation.
You feel magically purged.
The gnoll shouts!
You hear a shout!
The gnoll hits you with a +0 flail! The gnoll barely misses you. x2
It was a potion of lignification.
You turn into a tree.
Your +0 helmet melds into your body.
Your +0 scale mail melds into your body.
Your roots penetrate the ground.
A gnoll comes into view. It is wielding a +0 spear.
The gnoll barely misses you.
The gnoll hits you from afar with a +0 halberd.
Okay, then.
You cannot move.
The gnoll shouts!
You hit the gnoll.
The gnoll is moderately wounded.
You slash the gnoll! The gnoll hits you with a +0 flail.
* * * LOW HITPOINT WARNING * * *
The gnoll hits you but does no damage. x2
You hit the gnoll but do no damage.
The gnoll is moderately wounded.
You hit the gnoll. The gnoll hits you with a +0 flail.
* * * LOW HITPOINT WARNING * * *
A gnoll comes into view. It is wielding a +0 halberd.
The gnoll hits you but does no damage. The gnoll barely misses you.
You completely miss the gnoll.
The gnoll is moderately wounded.
The gnoll shouts!
You hit the gnoll. The gnoll hits you with a +0 flail.
* * * LOW HITPOINT WARNING * * *
The gnoll hits you with a +0 whip.
You die...

......# . .......###
.#. .........# #..g
.........##.g
###........g..
#####..........g##
#.<......##..g...#
#........##..♣g#
#........##....#
#........##....#
#............).##.#
#..?..<.†#...........
#..........##########
#...........#
########....# #....#


You could see 6 gnolls.

Vanquished Creatures
  An adder (D:2)
  2 dart slugs
  5 bats
  2 endoplasms (D:1)
  A giant cockroach (D:1)
  A goblin (D:1)
  2 hobgoblins
  8 jackals
  5 quokkas
  2 ball pythons (D:2)
  3 frilled lizards
  6 kobolds
  3 rats
41 creatures vanquished.

Notes
Turn   | Place    | Note
-------+----------+-------------------------------------------
     0 | D:1      | polve the Demonspawn Gladiator began the quest for the Orb.
     0 | D:1      | Reached XP level 1. HP: 16/16 MP: 1/1
   297 | D:1      | Reached skill level 3 in Axes
   397 | D:1      | Gained mutation: You have a small tail. [demonic ancestry]
   397 | D:1      | Reached XP level 2. HP: 22/22 MP: 2/2
   494 | D:1      | Reached skill level 1 in Armour
  1081 | D:2      | Reached XP level 3. HP: 18/27 MP: 3/3
  1307 | D:2      | Found Callofynk's Distillery.
  1890 | D:2      | Found Ruffofi's General Store.
  2497 | D:3      | HP: 2/40 [gnoll/+0 flail (4)]
  2497 | D:3      | Slain by a gnoll

Illustrated notes

Levels and vault maps discovered:
D:1:      psy_arrival_dodecagon, layout_loops_ring
D:2:      layout_loops_ring, serial_shops, shop, shop, nicolae_titane
D:3:      layout_rooms, grunt_temple_overflow_open,
          ebering_ecumenical_altar_sacrificial, chequers_big_river

Skill      XL: |  1  2  3 |
---------------+----------+-----
Axes           | 3 |  3.7
Armour         | 1 2 |  2.0
Fighting       | |  2.0
Throwing       | |  1.7
Dodging        | |  2.6

Action                   || total
-------------------------++-------
Melee: War axe           ||   137
       Tailslap          ||     6
       Punch             ||     2
  Use: Potion            ||     2
Armor: Scale mail        ||    76
       Leather armour    ||     1
       Skin              ||     3
Dodge: Dodged            ||   109

Table legend: (Time is in decaauts)
 A = Elapsed time spent in this place.
 B = Non-inter-level travel time spent in this place.
 C = Inter-level travel time spent in this place.
 D = Time resting spent in this place.
 E = Time spent auto-exploring this place.
 F = Levels seen in this place.
 G = Mean time per level.
                   A        B        C        D        E       F      G
               +--------+--------+--------+--------+--------+-----+--------+
         Total |   2542 |   2496 |     46 |      0 |   2154 |   3 |  847.3 |
       Dungeon |   2542 |   2496 |     46 |      0 |   2154 |   3 |  847.3 |
               +--------+--------+--------+--------+--------+-----+--------+

Top non-repeatable levels by time:
     D:2: 1455 daAuts
     D:1: 1038 daAuts
     D:3: 48 daAuts
